[Event "III Menorca Open-A 2024"]
[Site "Ciutadella Menorca"]
[Date "2024.04.05"]
[Round "6.8"]
[White "Pichot, Alan"]
[Black "Seemann, Jakub"]
[Result "0-1"]
[ECO "B51"]
[WhiteElo "2644"]
[BlackElo "2465"]
[Annotator "TA"]
[PlyCount "96"]
[EventDate "2024.04.02"]
[EventType "swiss"]
[EventCountry "ESP"]
[SourceTitle "playchess.com"]
[Source "ChessBase"]
[SourceQuality "1"]
[TimeControl "5400+30"]

1. e4 c5 2. Nf3 d6 3. Bb5+ Nd7 4. Ba4 Ngf6 5. O-O a6 6. c4 Nxe4 (6... e6 $11) 7. Re1 $14 Nef6 8. d4 {[%emt 0:00:38] White is slightly better.} cxd4 9. Nxd4 e6 10. Nc3 Be7 {[%emt 0:03:48] [#]} 11. Rxe6 $1 fxe6 (11... O-O 12. Re1) 12. Nxe6 Qa5 13. Bd2 (13. Nxg7+ Kf7 14. Bh6 Rg8 $19) (13. c5 $1 $16 b5 (13... dxc5 14. Qe2 $14) 14. cxb6 (14. Nxg7+ $2 Kf7 $19) (14. cxd6 $2 bxa4 15. Nc7+ Kf7 $19)) 13... Qe5 14. Nc7+ (14. Nxg7+ $2 Kf7 15. Qf3 Qd4 $19 (15... Kxg7 16. Re1 $11)) 14... Kd8 (14... Kf7 $14) 15. Bf4 $2 (15. Nxa8 $18 Nc5 16. h3) 15... Kxc7 16. Bxe5 Nxe5 17. Qd4 (17. f4 $14 {is superior.} Ng6 18. Qd4) 17... Bd7 $11 18. f4 Nc6 19. Qd2 {[%emt 0:00:48] aiming for Nd5+.} Nb8 (19... Rae8 $11) 20. Re1 Re8 21. Nd5+ (21. g4 $1 $16 Bxa4 22. Nxa4) 21... Nxd5 22. cxd5 {[%emt 0:00:08] Threatens to win with Rc1+.} b5 $1 (22... Bxa4 23. Qa5+ Kc8 24. Qxa4 $14) 23. Bb3 (23. Bc2 $11 g6 24. Kf2 Bh4+ 25. g3) 23... Bf6 (23... a5 $15) 24. Rc1+ (24. Rxe8 $1 $11 Bxe8 25. g4) 24... Kb7 $17 25. a4 Rc8 (25... bxa4 26. Qb4+ Bb5 27. Bxa4 $14) (25... Ra7 $19 26. a5 Ka8) 26. Rxc8 Kxc8 (26... Bxc8 $6 27. Qb4 $11) 27. Qb4 bxa4 (27... Bxb2 $6 28. Bc2 Bf6 29. Qxd6 $11) (27... Ra7 $17 {Hoping for ...a5.} 28. h4 bxa4 (28... Bxb2 29. Qxd6 Rc7 30. Kh2 $15) 29. Bxa4 (29. Bc2 $2 Rc7 $19) 29... Bxa4 (29... Bxh4 30. Qc3+ Rc7 31. Bxd7+ Nxd7 32. Qxg7 $11) 30. Qxa4 Bxh4 (30... Bxb2 $2 31. Qc2+ Rc7 32. Qxb2 $18)) 28. Bc2 {[%emt 0:01:17] [#]} ({White should try} 28. Bxa4 $15 Bxa4 29. Qxa4) 28... Ra7 $1 {[%emt 0:01:28] Strongly threatening ...a5.} 29. Qxd6 {[%emt 0:01:53] [#]} (29. Bxa4 $17 {was necessary.} Bxa4 30. Qxa4) 29... Bd4+ (29... Rc7 $1 $19 30. Bxh7 Bd4+ (30... Bxb2 $2 {too greedy.} 31. Qf8+ Kb7 32. Qb4+ Ka8 33. Qxb2 $18) 31. Kf1 Bb5+ (31... Bxb2 32. Bd3 $17) 32. Ke1 Bxb2 33. Qe6+ Kb7) 30. Kf1 (30. Kh1 $17 Rb7 31. Qf8+ (31. Bxh7 Rxb2 32. h4 a5 $17) 31... Kc7 32. Be4) 30... Bb5+ 31. Ke1 Nd7 {[%emt 0:00:50] Inhibits Qf8+.} 32. Qe6 (32. Qb4 $142 Bc5 33. Qd2) 32... Rc7 $2 ({Better is} 32... Bxb2 $19 {And now ...a3 would win.} 33. d6 Kb7 34. Bxa4 Bc3+ (34... Bxa4 35. Qe4+ Kb6 36. Qxa4 $17) 35. Kf2 Bxa4) 33. Bxa4 $14 Kb8 (33... Bxa4 $11 {remains equal.} 34. Qxa6+ Kb8 35. Qxa4 Bxb2) 34. Bxb5 $16 axb5 35. d6 Rb7 36. g4 (36. Ke2 $16) 36... Ka7 37. g5 Kb6 38. b3 Ra7 39. h4 {[%emt 0:00:28][%mdl 1024] White has compensation.} b4 40. h5 Nc5 41. Qd5 Bc3+ 42. Ke2 h6 43. Qg8 Rd7 44. gxh6 (44. Ke3 $11 {keeps the balance.}) 44... gxh6 $17 45. Qf8 Nxb3 {[%emt 0:00:42] ...Nc5 is the strong threat.} 46. Kd3 $2 (46. Qb8+ $15 Kc6 47. Qc8+ Kxd6 48. Qa6+ Ke7 49. Qxh6) 46... Nc5+ $19 47. Kc4 Nb7 48. Qxh6 Rxd6 {[%emt 0:02:39] Weighted Error Value: White=0.51/Black=0.28 (precise) .  Loses game:     	White=1     	---        Missed win:     	White=1     	Black=1      Mistake:       	White=12    	Black=8      Inaccurate:     	White=2     	Black=2      OK:         	White=9     	Black=11     Best:        	White=4     	Black=6      Strong:       	---       	Black=2      Brilliant:      	White=1     	---} 0-1

[Event "III Menorca Open-A 2024"]
[Site "Ciutadella Menorca"]
[Date "2024.04.05"]
[Round "6.9"]
[White "Idani, Pouya"]
[Black "Murzin, Volodar"]
[Result "1/2-1/2"]
[ECO "C67"]
[WhiteElo "2609"]
[BlackElo "2632"]
[Annotator "TA"]
[PlyCount "39"]
[EventDate "2024.04.02"]
[EventType "swiss"]
[EventCountry "ESP"]
[SourceTitle "playchess.com"]
[Source "ChessBase"]
[SourceQuality "1"]
[TimeControl "5400+30"]

1. e4 e5 2. Nf3 Nc6 3. Bb5 Nf6 4. O-O Nxe4 5. Re1 Nd6 6. Nxe5 Be7 7. Bf1 Nxe5 8. Rxe5 O-O 9. d4 Bf6 10. Re1 {[%emt 0:00:32] The position is equal.} Re8 11. c3 Rxe1 12. Qxe1 Ne8 13. Bd3 d5 14. Bf4 Be6 15. Nd2 Nd6 16. Qe3 c6 17. Re1 Qd7 18. Be5 {[%emt 0:05:48] Black must now prevent Bxf6.} Be7 19. Nf3 Bf5 20. Bxd6 {[%emt 0:01:21] Not much happened in this game.   Weighted Error Value: White=0.06 (flawless) /Black=0.03 (flawless) .  OK:         	White=3     	Black=5} 1/2-1/2

[Event "III Menorca Open-A 2024"]
[Site "Ciutadella Menorca"]
[Date "2024.04.05"]
[Round "6.10"]
[White "Chigaev, Maksim"]
[Black "Makkar, Rajat"]
[Result "1-0"]
[ECO "C77"]
[WhiteElo "2617"]
[BlackElo "2452"]
[Annotator "TA"]
[PlyCount "51"]
[EventDate "2024.04.02"]
[EventType "swiss"]
[EventCountry "ESP"]
[SourceTitle "playchess.com"]
[Source "ChessBase"]
[SourceQuality "1"]
[TimeControl "5400+30"]

1. e4 e5 2. Nf3 Nc6 3. Bb5 a6 4. Ba4 Nf6 5. Nc3 Bc5 6. O-O b5 7. Bb3 d6 8. a4 (8. Nd5 $5) 8... Rb8 9. axb5 axb5 {[%emt 0:00:16] White has an edge.} 10. Nd5 O-O 11. d4 Bxd4 (11... Nxd5 $11 12. dxc5 Nf6) 12. Bg5 $16 Be6 13. Nxf6+ gxf6 14. Bh6 {[%emt 0:00:03] [#] Bxe6 is the strong threat.} f5 $2 15. exf5 {[%emt 0:03:19] aiming for Nxd4.} Bxf5 16. Bxf8 Qxf8 17. Bd5 Nb4 18. Nxd4 exd4 19. Qxd4 Nxc2 20. Qf6 Bg6 21. Ra7 Nb4 22. Bf3 c5 $2 {[%emt 0:01:30] [#]} (22... Rc8 23. h4 Qg7) 23. h4 $18 {[%emt 0:00:06] White is clearly winning.} h5 24. Re1 d5 25. Re5 Qd8 26. Rae7 {[%emt 0:00:58] White took control after the opening.   Weighted Error Value: White=0.14 (very precise) /Black=0.73.  Loses game:     	---       	Black=1      Mistake:       	---       	Black=2      Inaccurate:     	White=2     	---        OK:         	White=7     	Black=2      Best:        	White=3     	---} 1-0

[Event "III Menorca Open-A 2024"]
[Site "Ciutadella Menorca"]
[Date "2024.04.05"]
[Round "6.11"]
[White "Krzyzanowski, Marcin"]
[Black "Karthik Venkataraman"]
[Result "1-0"]
[ECO "C50"]
[WhiteElo "2510"]
[BlackElo "2609"]
[Annotator "RC"]
[PlyCount "126"]
[EventDate "2024.04.02"]
[EventType "swiss"]
[EventCountry "ESP"]
[SourceTitle "playchess.com"]
[Source "ChessBase"]
[SourceQuality "1"]
[TimeControl "5400+30"]

1. e4 e5 2. Nf3 Nc6 3. Bc4 Nf6 4. d3 Bc5 5. Nc3 h6 6. O-O d6 7. Na4 Bb6 8. a3 O-O 9. c3 Qe7 10. Nxb6 axb6 11. b4 Be6 12. Bxe6 Qxe6 13. Re1 b5 14. Bb2 Nd7 15. a4 bxa4 16. Rxa4 Rxa4 17. Qxa4 f5 18. Nd2 fxe4 19. Nxe4 d5 20. Ng3 Qf7 21. Re2 Nd8 22. Qa2 c6 23. c4 dxc4 24. dxc4 Nb6 25. Bxe5 Nxc4 26. Bc3 b5 27. Ne4 Ne6 28. Nd6 Nxd6 29. Rxe6 Ne4 30. Bd4 Rd8 31. h4 Nd6 32. Qe2 Nf5 33. Bb6 Rd1+ 34. Kh2 Rd6 35. Re8+ Kh7 36. g3 h5 37. Re5 Rd5 38. Rxd5 Qxd5 39. Qxh5+ Kg8 40. Qe8+ Kh7 41. Qe2 Nd6 42. Be3 Qe4 43. Qh5+ Kg8 44. Qg5 Nc4 45. Qf4 Qd3 46. Qd4 Qb1 47. Bd2 Nxd2 48. Qxd2 Qe4 49. Qd6 Qf3 50. Qd4 g6 51. Kg1 Kf7 52. Qd7+ Kf8 53. g4 Qf4 54. Qd8+ Kf7 55. Qd7+ Kf8 56. Qe6 Kg7 57. Qe7+ Kg8 58. Qe8+ Kg7 59. Qd7+ Kf8 60. g5 Qxh4 61. Qd8+ Kg7 62. Qf6+ Kh7 63. Qf7+ Kh8 1-0

[Event "III Menorca Open-A 2024"]
[Site "Ciutadella Menorca"]
[Date "2024.04.05"]
[Round "6.12"]
[White "Siddharth, Jagadeesh"]
[Black "Albornoz Cabrera, Carlos Daniel"]
[Result "1/2-1/2"]
[ECO "B90"]
[WhiteElo "2491"]
[BlackElo "2603"]
[Annotator "TA"]
[PlyCount "73"]
[EventDate "2024.04.02"]
[EventType "swiss"]
[EventCountry "ESP"]
[SourceTitle "playchess.com"]
[Source "ChessBase"]
[SourceQuality "1"]
[TimeControl "5400+30"]

1. e4 c5 2. Nf3 d6 3. d4 cxd4 4. Nxd4 Nf6 5. Nc3 a6 6. Be3 Ng4 7. Bg5 h6 8. Bc1 Nf6 9. Bd3 e5 10. Nde2 {[%emt 0:00:06] The position is equal.} Nbd7 11. O-O Be7 12. Ng3 Nc5 13. a4 O-O (13... h5 $11 {was preferrable.}) 14. Re1 (14. Be2 $14 {should be considered.}) 14... Nxd3 $11 15. Qxd3 Be6 16. a5 Re8 17. Nf1 b5 18. axb6 Qxb6 19. Ne3 Rec8 20. Rd1 Qb7 21. b3 Bd8 22. Ncd5 Nxd5 23. exd5 Bd7 24. Ba3 Be7 25. Qe4 Bf8 (25... a5 $11) 26. f4 Re8 27. Kh1 Rac8 28. Bb2 (28. f5 $14) 28... exf4 29. Qxf4 Rc7 30. Rf1 Bc8 31. Rf3 Rce7 32. Raf1 Re4 33. Qg3 Qe7 34. Bc1 Re5 35. Nc4 (35. h3 $14) 35... Rxd5 36. Bxh6 {[%emt 0:00:00] [#]} Rf5 $1 {[%emt 0:00:24] aiming for ...Rxf3.} 37. Bf4 {[%emt 0:00:00] Weighted Error Value: White=0.16 (very precise) /Black=0.14 (very precise) .  Mistake:       	White=3     	Black=2      Inaccurate:     	White=3     	Black=6      OK:         	White=9     	Black=13     Best:        	White=1     	Black=1} ({Much worse is} 37. Rxf5 Bxf5 38. Ne3 Be4 $17) 1/2-1/2

[Event "III Menorca Open-A 2024"]
[Site "Ciutadella Menorca"]
[Date "2024.04.05"]
[Round "6.13"]
[White "Macias Pino, Diego"]
[Black "Lagarde, Maxime"]
[Result "1-0"]
[ECO "B45"]
[WhiteElo "2478"]
[BlackElo "2638"]
[Annotator "RC"]
[PlyCount "87"]
[EventDate "2024.04.02"]
[EventType "swiss"]
[EventCountry "ESP"]
[SourceTitle "playchess.com"]
[Source "ChessBase"]
[SourceQuality "1"]
[TimeControl "5400+30"]

1. e4 c5 2. Nf3 e6 3. d4 cxd4 4. Nxd4 Nf6 5. Nc3 Nc6 6. Nxc6 bxc6 7. e5 Nd5 8. Ne4 Qc7 9. f4 Qb6 10. c4 Bb4+ 11. Ke2 f5 12. exf6 Nxf6 13. Be3 Qd8 14. Nd6+ Bxd6 15. Qxd6 Bb7 16. Kd1 c5 17. Qxc5 Be4 18. Qa3 d6 19. Rc1 O-O 20. Bd3 Qe8 21. Bxe4 Nxe4 22. Rc2 e5 23. Kc1 exf4 24. Bd4 Qh5 25. Re1 Rae8 26. Rce2 Qg6 27. Qxa7 d5 28. Qb7 Rd8 29. c5 Rf7 30. Qb6 Qg5 31. Kb1 Re8 32. a3 h5 33. Ka2 h4 34. Qb3 Qf5 35. h3 Re6 36. Qd3 Rg6 37. Rf1 Qd7 38. Rc2 Qc6 39. b4 Qa4 40. Bb2 Ra6 41. Qb3 Qb5 42. Rd1 Nf6 43. Rf2 Nd7 44. Rxd5 1-0

[Event "III Menorca Open-A 2024"]
[Site "Ciutadella Menorca"]
[Date "2024.04.05"]
[Round "6.14"]
[White "Yuffa, Daniil"]
[Black "Baskin, Robert"]
[Result "1-0"]
[ECO "D11"]
[WhiteElo "2606"]
[BlackElo "2461"]
[Annotator "TA"]
[PlyCount "93"]
[EventDate "2024.04.02"]
[EventType "swiss"]
[EventCountry "ESP"]
[SourceTitle "playchess.com"]
[Source "ChessBase"]
[SourceQuality "1"]
[TimeControl "5400+30"]

1. Nf3 d5 2. c4 c6 3. d4 Nf6 4. g3 Bf5 5. Nc3 e6 6. Nh4 Be4 7. f3 Bg6 8. Qb3 {[%emt 0:03:05] White is slightly better.} Qb6 9. c5 Qxb3 10. axb3 Na6 11. Nxg6 hxg6 12. Bd2 Nd7 13. e4 Nc7 14. b4 a6 15. h4 Be7 16. Rg1 O-O-O (16... dxe4 $14 17. fxe4 Rd8) 17. e5 $16 {[%emt 0:00:36] Black is on the road to losing.} f6 18. f4 f5 (18... fxe5 $142 19. dxe5 (19. fxe5 g5 $16) 19... Kb8) 19. Bd3 Rh6 20. Ne2 Rdh8 21. Nc1 Bd8 22. Nb3 Be7 23. Be3 Nb8 24. Bf2 Nd7 25. Ke2 Bd8 26. Rg2 Be7 27. Rag1 Nf8 28. Nd2 Kd7 29. Nf3 {[%emt 0:00:15] White is more active.} Rh5 30. Ke3 R8h6 (30... R5h7 $16 {might work better.} 31. Ra1 Kc8) 31. g4 $18 fxg4 32. Ng5 Ke8 ({But not} 32... Bxg5 $2 33. fxg5 Rh8 34. Rxg4 $18) 33. Rxg4 Bd8 34. Kd2 Be7 35. R4g2 Bd8 36. Be2 Be7 37. Kd3 Bd8 38. Bg4 Be7 39. b5 cxb5 40. Be1 Bd8 (40... Rxh4 {was necessary.} 41. Bxh4 Rxh4) 41. Ke3 (41. Bxh5 $142 Rxh5 42. Nf3) 41... Rh8 (41... Rxh4 $142 42. Bxh4 Rxh4) 42. Bxh5 Rxh5 {[%emt 0:00:14] Black is weak on the dark squares} 43. Nf3 Kd7 44. Ba5 Ne8 $2 {[%emt 0:00:35] [#]} (44... Be7 45. Ke2 Rf5) 45. c6+ $1 {[%emt 0:01:19][%mdl 512] White is clearly winning.} bxc6 46. Bxd8 Kxd8 47. Rc2 {[%emt 0:00:36] Weighted Error Value: White=0.13 (very precise) /Black=0.25 (precise) .  Mistake:       	White=1     	Black=6      Inaccurate:     	White=1     	Black=1      OK:         	White=18    	Black=8      Best:        	White=1     	---} 1-0

[Event "III Menorca Open-A 2024"]
[Site "Ciutadella Menorca"]
[Date "2024.04.05"]
[Round "6.15"]
[White "Pranav Vijay"]
[Black "Koelle, Tobias"]
[Result "1-0"]
[ECO "B30"]
[WhiteElo "2252"]
[BlackElo "2467"]
[Annotator "TA"]
[PlyCount "67"]
[EventDate "2024.04.02"]
[EventType "swiss"]
[EventCountry "ESP"]
[SourceTitle "playchess.com"]
[Source "ChessBase"]
[SourceQuality "1"]
[TimeControl "5400+30"]

1. e4 c5 2. Nc3 Nc6 3. Bb5 Nd4 4. Bc4 e6 5. Nge2 Ne7 6. Nxd4 cxd4 7. Ne2 Nc6 8. O-O Bc5 9. a3 O-O {[%emt 0:03:51] The position is equal.} 10. d3 a6 11. Bb3 b5 12. f4 a5 13. a4 Ba6 (13... bxa4 $14 14. Bxa4 f5) 14. f5 $16 Be7 15. Nf4 exf5 (15... bxa4 $142 16. Bxa4 Bb7) 16. exf5 {[%emt 0:06:46] Hoping for axb5.} bxa4 17. Bxa4 Bb7 18. Nh5 {[%emt 0:05:53] aiming for Qg4.} Kh8 19. Qf3 (19. f6 gxf6 20. Rf3 Rg8 $11) 19... Bf6 20. Bf4 Rc8 (20... Qb6 $16) 21. Bd6 ({Better is} 21. Qd5 $18) 21... Re8 22. Qd5 $36 {[%emt 0:06:03][%cal Of1e1][%mdl 2048] White is in control. White has more active pieces.} Re2 (22... Qb6 $16 23. Nxf6 (23. Qxf7 Ne5 $18) 23... Ne5) 23. Nf4 $18 (23. Qxf7 $2 Ne5 24. Nf4 Nxf7 $19) 23... Rd2 (23... Re3 {was necessary.} 24. Qxf7 Ne7) 24. Qxf7 Ne5 $2 (24... Qe8 {was worth a try.} 25. Qxe8+ Rxe8) 25. Qh5 $1 Qb6 $2 {[%emt 0:03:04] [#]} (25... Qe8 26. Qxe8+ Rxe8) 26. Bxe5 $1 Bxe5 {[%emt 0:00:01] [#]} 27. Rfe1 $1 d6 (27... Qd6 28. Rxe5) 28. Ng6+ Kg8 29. Ne7+ (29. Nxe5 Rxg2+ 30. Kf1 dxe5 31. Rxe5 Rf8 $14 (31... Qxb2 32. Re8+ Rxe8 33. Qxe8#)) (29. Bb3+ Qxb3 30. Ne7+ (30. cxb3 $2 Rxg2+ 31. Kf1 hxg6 $19) 30... Kf8 31. cxb3 Rxg2+ 32. Kf1 Rcc2 33. Rxe5 (33. Qh4 Ba6 $11) 33... dxe5 34. Ng6+ (34. Qh4 Ba6 $11) 34... hxg6 35. fxg6 Rgf2+ 36. Ke1 Rxh2 37. Qf5+ (37. Qxe5 $2 Rh1#) 37... Ke7 38. Qxe5+ Kd7 39. Qxg7+ (39. Qxd4+ Ke6 $11) 39... Kc8 40. Qf8+ (40. Qxd4 $2 Rh1+) 40... Kc7 41. Qf4+ (41. Rxa5 $2 Rc1#) 41... Kd7 42. Qf7+ (42. Rxa5 Rh1+) (42. Qxd4+ Ke6 $11) 42... Kc8 $14) 29... Kf8 30. Nxc8 Rxg2+ 31. Kf1 Qd8 {[%emt 0:00:20] [#]} 32. Nxd6 $1 g6 33. Nxb7 Qd5 {[%emt 0:00:27] [#]} 34. Rxe5 $1 {[%emt 0:00:08] Weighted Error Value: White=0.06 (flawless) /Black=1.02.  Mistake:       	White=1     	Black=7      Inaccurate:     	---       	Black=1      OK:         	White=8     	Black=4      Best:        	---       	Black=1      Strong:       	White=2     	---} 1-0

[Event "III Menorca Open-A 2024"]
[Site "Ciutadella Menorca"]
[Date "2024.04.05"]
[Round "6.16"]
[White "Sanal, Vahap"]
[Black "Agmanov, Zhandos"]
[Result "1/2-1/2"]
[ECO "A13"]
[WhiteElo "2565"]
[BlackElo "2458"]
[Annotator "TA"]
[PlyCount "35"]
[EventDate "2024.04.02"]
[EventType "swiss"]
[EventCountry "ESP"]
[SourceTitle "playchess.com"]
[Source "ChessBase"]
[SourceQuality "1"]
[TimeControl "5400+30"]

1. Nf3 Nf6 2. e3 d5 3. b3 e6 4. Bb2 Bd6 5. c4 O-O 6. Be2 Re8 7. d4 b6 8. O-O Bb7 9. Nc3 a6 10. Rc1 Nbd7 {[%emt 0:02:22] The position is equal.} 11. Qc2 c5 12. cxd5 exd5 13. Rfd1 Rc8 14. dxc5 bxc5 15. Qf5 Qe7 16. Qh3 (16. Nxd5 $5 Nxd5 17. Rxd5 $14) 16... Ne5 17. Na4 {[%emt 0:17:08] [#]} d4 $1 {[%emt 0:09:23] ...dxe3 is the strong threat.} 18. Nxe5 $1 {[%emt 0:07:19] A rather calm draw.   Weighted Error Value: White=0.06 (flawless) /Black=0.08 (flawless) .  Inaccurate:     	White=2     	Black=1      OK:         	White=6     	Black=4      Strong:       	White=1     	---} ({But not} 18. exd4 Nxf3+ 19. Bxf3 cxd4 $17) 1/2-1/2

[Event "III Menorca Open-A 2024"]
[Site "Ciutadella Menorca"]
[Date "2024.04.05"]
[Round "6.17"]
[White "Zhu, Jiner"]
[Black "Alonso Rosell, Alvar"]
[Result "1/2-1/2"]
[ECO "B53"]
[WhiteElo "2463"]
[BlackElo "2562"]
[Annotator "TA"]
[PlyCount "227"]
[EventDate "2024.04.02"]
[EventType "swiss"]
[EventCountry "ESP"]
[SourceTitle "playchess.com"]
[Source "ChessBase"]
[SourceQuality "1"]
[TimeControl "5400+30"]

1. e4 c5 2. Nf3 d6 3. Nc3 Nf6 4. d4 cxd4 5. Qxd4 Nc6 6. Qd3 g6 7. Nd5 Bg7 8. c3 O-O 9. Bg5 Nd7 10. Qe3 Nc5 11. b4 Ne6 12. Bh6 Nc7 13. Bxg7 Kxg7 14. Be2 e6 15. Nxc7 Qxc7 16. O-O e5 17. Rfd1 h6 (17... Be6 $11) 18. Qd2 Bg4 19. Qxd6 Rfc8 20. a3 {[%emt 0:03:06] [#]} (20. Kf1 $14) 20... Nd4 $1 $15 21. Rxd4 exd4 22. Qxd4+ Kg8 23. c4 a5 {[%emt 0:00:58][%mdl 1024] Black has compensation.} 24. b5 $1 Re8 25. Qe3 {[%emt 0:02:00] Prevents Qf4} Rad8 26. c5 (26. Rc1 $11 {remains equal.}) 26... Qe7 $17 27. h3 Bc8 (27... Qxe4 $1 $17 {stays on course. aiming for ...Qc2.} 28. hxg4 Qc2 29. Qxh6 (29. Ne5 $2 Qb2 $19) 29... Qb2 (29... Rxe2 30. Ng5 $11)) 28. Qxh6 (28. e5 $16 Be6 29. Rc1 (29. Qxh6 Qxc5 30. Bf1 Bd5 $11)) 28... Qf8 (28... Qxe4 $11 {and Black is okay.} 29. Bf1 Rd5) 29. Qe3 $18 Bf5 30. e5 Rd5 31. Rc1 Rc8 32. c6 bxc6 33. bxc6 Qe8 34. Bc4 Rdd8 35. Nd4 {[%emt 0:00:00] Strongly threatening Nxf5.} Rxd4 36. Qxd4 Rxc6 37. Rd1 {[%emt 0:00:00] Hoping for Bb5.} Rc7 (37... Qe7 $142 38. g4 Bc8) 38. Qd8 Qxd8 39. Rxd8+ {[%emt 0:00:00][%mdl 4096] Endgame. KRB-KRB} Kg7 40. Rd4 g5 41. f4 gxf4 42. Rxf4 Bc8 $2 (42... Bg6 {was worth a try.} 43. e6 fxe6) 43. Kf2 Re7 44. h4 Bd7 45. g4 Be8 46. Rf5 Rc7 47. Be2 Rc2 {[%emt 0:02:02] [#]} 48. e6 $1 a4 (48... f6 $142 49. Rxa5 Rd2 50. Ra7+ Kh6) (48... fxe6 49. Rxa5) 49. e7 Rc7 50. Re5 f6 51. Re3 Kf7 52. g5 Kg7 53. Kg3 fxg5 54. hxg5 Rc5 55. Kf4 Rc7 56. Bd1 Rc1 57. Be2 Rc7 $1 58. Re5 {[%emt 0:00:21] Dodges Rc5} Rb7 59. Bc4 Rb1 60. Ke3 Ra1 61. Kd4 $2 (61. Kf2 $18) 61... Rxa3 $16 62. Rf5 {[%emt 0:01:00] White wants to mate with Rf8.} Rg3 {[%emt 0:00:56] [#]} 63. Rf8 $2 (63. Ke5 $1 $18 {Rf8 would now be deadly.} a3 64. Rf8 Rxg5+ 65. Ke6) 63... Rg4+ $2 {[%emt 0:00:35][%mdl 8192] [#]} (63... Rxg5 $16 64. Rxe8 Kf6) 64. Kc3 $2 (64. Kc5 $1 {mates} Rxc4+ 65. Kxc4 Bh5 66. e8=Q (66. e8=R Kg6 $18) 66... Bxe8 67. Rxe8 Kg6 68. Re5 Kf7 69. Kd5) 64... Rg3+ 65. Kb4 {[%emt 0:00:27] White is more active.} Rxg5 $1 66. Rxe8 $14 {[%emt 0:00:11] KRB-KR} Kf6 67. Kxa4 Re5 68. Kb4 Rxe7 69. Ra8 Re5 70. Kc3 Re4 71. Kd3 Rh4 72. Re8 Kf5 73. Bd5 Ra4 74. Bc4 Ra1 ({Reject} 74... Ra3+ 75. Kd4 $16) 75. Kd4 Rd1+ 76. Bd3+ Kf6 77. Rf8+ Ke6 78. Rg8 Kf6 79. Rg6+ Kf7 80. Ra6 Ke7 81. Ke4 Kd7 82. Bb5+ Ke7 83. Ke5 Re1+ 84. Kf5 Re3 85. Rh6 Rf3+ 86. Ke5 Re3+ 87. Kd5 Re1 88. Bc6 Re2 89. Kd4 Re6 90. Rh7+ Kf6 91. Be4 Re7 (91... Rd6+ 92. Bd5 Kf5 93. Kc5) 92. Rh6+ Kg7 93. Ra6 Re8 94. Bf5 Re7 95. Kd5 Kf7 96. Be6+ Kf6 97. Rb6 Rg7 98. Bc8+ Kg5 {[%emt 0:00:20] The position is equal.} 99. Ke5 Re7+ 100. Be6 Rg7 101. Rb1 Kh6 102. Rh1+ Kg5 103. Rh2 Kg6 104. Rf2 Kh6 105. Bf7 Rg5+ 106. Kf6 {[%emt 0:00:13] White threatens Rh2+ and mate.} Rg6+ $1 107. Ke7 Rg3 108. Rf5 Kg7 109. Be6 Kg6 110. Ra5 Re3 111. Ra4 ({Much less strong is} 111. Rf5 Re4 $16) 111... Rg3 112. Re4 Kg5 113. Rg4+ Rxg4 114. Bxg4 {[%emt 0:00:35] Black escapes into a draw.   Weighted Error Value: White=0.27 (precise) /Black=0.40.  Loses game:     	---       	Black=2      Missed win:     	White=2     	---        Mistake:       	White=4     	Black=5      Inaccurate:     	White=6     	Black=9      OK:         	White=24    	Black=29     Best:        	White=5     	Black=5      Strong:       	White=1     	Black=2      Brilliant:      	---       	Black=1} 1/2-1/2

[Event "III Menorca Open-A 2024"]
[Site "Ciutadella Menorca"]
[Date "2024.04.05"]
[Round "6.18"]
[White "Alexakis, Dimitris"]
[Black "Muradli, Mahammad"]
[Result "1-0"]
[ECO "B55"]
[WhiteElo "2443"]
[BlackElo "2555"]
[Annotator "TA"]
[PlyCount "53"]
[EventDate "2024.04.02"]
[EventType "swiss"]
[EventCountry "ESP"]
[SourceTitle "playchess.com"]
[Source "ChessBase"]
[SourceQuality "1"]
[TimeControl "5400+30"]

1. e4 c5 2. Nf3 d6 3. d4 cxd4 4. Nxd4 Nf6 5. Bd3 g6 6. O-O Bg7 7. c4 Nc6 8. Ne2 O-O 9. Nbc3 {[%emt 0:00:04] The position is equal.} a6 10. f3 Rb8 11. Be3 Nd7 12. Rc1 Nc5 13. b3 Ne5 14. Bb1 b5 15. cxb5 axb5 16. Nd5 b4 17. Qd2 Ba6 18. Rfd1 $1 Qd7 (18... Nc6 $14) 19. Nd4 $16 (19. Nxb4 $2 Rxb4 20. Nf4 Rb7 $19) 19... Qb7 {[%emt 0:00:35] [#]} 20. f4 $1 Ng4 {[%emt 0:04:28] Hoping for ...e6.} 21. Nc6 $1 e6 (21... Rbe8) 22. Nde7+ $18 (22. Nxb8 Rxb8 23. h3 Nxe3 24. Nxe3 Nxe4 25. Bxe4 Qxe4 $16) (22. Ndxb4 Rbc8 $16) 22... Kh8 23. e5 (23. Qxd6 Nxe3 24. Rd2 (24. Re1 Nxe4 25. Bxe4 Qb6 $11) 24... Nxe4 (24... Bc3 25. Nxb8 Qxb8 26. Qxc5 $16) 25. Bxe4 Rbe8 $16) ({Less strong is} 23. Bxc5 dxc5 24. Rxc5 Rbe8 $14) 23... Nxe3 24. Qxe3 {[%emt 0:00:25] White is winning.} Rbe8 25. Rxd6 Nd7 26. Na5 {[%emt 0:01:11] A dynamic duo of knights.} Qb5 27. Nec6 {[%emt 0:00:15] Weighted Error Value: White=0.02 (flawless) /Black=0.28 (precise) .  Mistake:       	---       	Black=2      Inaccurate:     	White=1     	Black=2      OK:         	White=12    	Black=9      Best:        	White=1     	Black=2      Strong:       	White=3     	---} 1-0